Map: Dreamcatcher LE

Players

McMoondog

  • Race: Zerg Zerg
  • League: Platinum
  • Spawn Location: 5:00

Lumbergrack - Winner!

  • Race: Zerg Zerg
  • League: Platinum
  • Spawn Location: 11:00

VOD

Have the link to the VOD?

Description

I'm the lumbergrack

Time

  • Played on: June 28, 2018, 10:26 p.m.
  • Length: 13:29
Show
View Real Time Build Order
Export as new Build Order

McMoondog Zerg 

Build Orders: Pool First 

Get SALT Encoding   

  12  0:09  Overlord  
  12  0:12  Drone  
  13  0:17  Drone  
  14  0:27  Drone  
  15  0:32  Drone  
  16  0:50  Drone  
  16  0:54  Drone  
  12  1:12  Spawning Pool  
  12  1:16  Drone  
  12  1:34  Drone x2  
  12  1:37  Drone  
  15  2:00  Queen  
  17  2:03  Zergling x4  
  19  2:18  Drone  
  19  2:19  Hatchery  
  19  2:22  Extractor  
  18  2:36  Drone x2  
  20  2:47  Drone  
  21  3:21  Drone  
  21  3:23  Overlord  
  22  3:41  Spine Crawler x2  
  21  3:43  Spine Crawler  
  19  4:03  Spine Crawler  
  19  4:15  Extractor  
  18  4:18  Zergling x12  
  24  4:30  Queen  
  26  4:31  Overlord  
  26  4:32  Overlord  
  26  5:06  Metabolic Boost  
  26  5:10  Lair  
  26  5:12  Extractor  
  25  5:14  Drone  
  25  5:15  Drone x4  
  25  5:49  Roach Warren  
  24  5:51  Drone x4  
  28  6:00  Drone x3  
  31  6:12  Spire  
  30  6:37  Extractor  
  30  6:39  Drone x8, Extractor  
  36  6:51  Infestation Pit  
  35  6:56  Drone x2  
  37  7:06  Drone x3  
  40  7:15  Overlord  
  40  7:34  Drone x2  
  40  7:35  Drone x7  
  49  7:47  Hive  
  49  8:03  Drone x2  
  51  8:16  Overlord x4  
  51  8:39  Corruptor  
  51  8:40  Corruptor x5  
  63  8:42  Overlord x2  
  63  8:59  Greater Spire  
  63  9:26  Zergling x2  
  63  9:27  Zergling x28  
  77  9:38  Spine Crawler  
  62  9:39  Spine Crawler  
  29  10:07  Zergling x10  
  29  10:08  Zergling x10  
  31  10:16  Brood Lord x3  
  27  10:47  Zergling x4  
  27  10:48  Zergling x6  
  32  11:02  Zergling x4  
  32  11:03  Zergling x2  
  35  11:13  Zergling x2  
  32  11:22  Zergling x4  
Show
View Real Time Build Order
Export as new Build Order

Lumbergrack Zerg - Winner!

Build Orders: Pool First 

Get SALT Encoding   

  12  0:09  Drone  
  1  1:08  Drone  
  2  1:41  Drone  
  3  2:04  Drone  
  4  2:21  Drone  
  5  2:32  Drone  
  6  2:54  Drone x2  
  8  2:59  Drone  
  9  3:09  Drone  
  10  3:20  Drone  
  11  3:28  Drone  
  12  3:39  Drone  
  13  4:02  Drone  
  14  4:05  Overlord  
  14  4:27  Spawning Pool  
  13  4:33  Drone  
  13  4:34  Drone  
  13  4:38  Drone  
  16  4:52  Drone  
  15  5:25  Zergling x6  
  17  5:42  Spawning Pool  
  16  5:46  Drone  
  16  5:47  Drone  
  18  6:10  Drone x2  
  20  6:21  Hatchery  
  19  6:28  Queen  
  19  6:32  Overlord  
  21  6:42  Drone x2, Extractor  
  22  6:50  Drone  
  23  7:17  Zergling x4  
  25  7:27  Overlord  
  25  7:37  Overlord  
  25  7:38  Zergling x4  
  25  7:39  Zergling x2  
  28  7:45  Queen, Metabolic Boost  
  28  7:48  Drone x2  
  32  8:01  Baneling Nest  
  31  8:10  Zergling x12  
  31  8:11  Zergling x2  
  38  8:19  Zergling x4  
  40  8:26  Overlord  
  40  8:31  Overlord  
  40  8:43  Zergling x6  
  40  8:46  Overlord  
  43  9:03  Zergling x8  
  47  9:17  Zergling x6  
  50  9:19  Overlord  
  50  9:25  Baneling x4  
  49  9:59  Drone x6  
  52  10:24  Drone x5  
  54  10:34  Zergling x12  
  43  11:01  Queen  
  44  11:07  Zergling x4  
  44  11:10  Hatchery  
  41  11:16  Hatchery  
  38  11:32  Baneling  
  25  12:10  Zergling x18  
  31  12:47  Drone x3  
  31  12:50  Drone  
Tags
 
Add a new tag
Caveats
  • Supply blocks, unpowered buildings, or Contaminate may cause inaccurate times.
  • Supply counts are checked every 10 seconds.